 Dungeon Crawl Stone Soup version 0.30-a0-881-g1ff12e1e11 (webtiles) character file.

Game seed: 13787567492423356818

30 NinjaNoafa the Conjurer (level 3, 0/26 HPs)
             Began as a Draconian Conjurer on Mar 14, 2023.
             Killed from afar by a white imp (2 damage)
             ... with a puff of frost
             ... summoned by Natasha
             ... on level 2 of the Dungeon.
             The game lasted 00:11:40 (976 turns).

NinjaNoafa the Conjurer (Draconian Conjurer)         Turns: 976, Time: 00:11:41

Health: 0/26       AC:  5    Str:  9    XL:     3   Next: 5%
Magic:  1/7        EV: 12    Int: 20    God:
Gold:   49         SH:  0    Dex:  9    Spells: 5/8 levels left

rFire   . . .      SeeInvis .    (no weapon)
rCold   . . .      Faith    .    (no shield)
rNeg    . . .      Spirit   .    (body armour unavailable)
rPois   .          Reflect  .    (helmet restricted)
rElec   .          Rampage  .    (no cloak)
rCorr   .                        (no gloves)
Will    .....                    (no boots)
Stlth   ++                       (no amulet)
HPRegen 0.24/turn                (no ring)
MPRegen 0.10/turn                (no ring)

@: no status effects
A: AC +5, unfitting armour, cold-blooded
a: no special abilities


You were on level 2 of the Dungeon.
You visited 1 branch of the dungeon, and saw 2 of its levels.

You collected 49 gold pieces.

Inventory:

Jewellery
 f - an amulet of the acrobat
Scrolls
 b - a scroll of immolation {unknown}
 c - a scroll of fear {unknown}
 d - 4 scrolls of identify {unknown}
 g - a scroll of poison {unknown}
 h - a scroll of summoning {unknown}
 j - a scroll of teleportation {unknown}
 l - a scroll of torment {unknown}
Potions
 a - a potion of berserk rage {unknown}
 e - a potion of mutation {unknown}
 i - a potion of degeneration {unknown}
 k - a potion of flight {unknown}
 m - a potion of curing {unknown}


   Skills:
 - Level 1.7 Dodging
 - Level 1.7 Stealth
 + Level 3.3 Spellcasting
 + Level 4.0 Conjurations


You had 5 spell levels left.
You knew the following spells:

 Your Spells              Type           Power      Damage    Failure   Level
a - Magic Dart            Conj           76%        1d6       2%          1
b - Searing Ray           Conj           38%        2d5       4%          2

Your spell library contained the following spells:

 Spells                   Type           Power      Damage    Failure   Level
 Dazzling Flash           Conj/Hex       22%        N/A       19%         3
 Fulminant Prism          Conj/Hex       5%         3d6       52%         4
 Iskenderun's Mystic Bla  Conj/Tloc      11%        2d4       52%         4


Dungeon Overview and Level Annotations

Branches:
Dungeon (2/15)

Altars:
Trog

Annotations:
D:2 Natasha


Innate Abilities, Weirdness & Mutations

Your plain brown scales are hard. (AC +5)
You cannot fit into any form of body armour.
You are cold-blooded and may be slowed by cold attacks.


Message History

The searing ray misses Natasha. (Press . to maintain the ray.) Natasha claws you.
You closely miss Natasha. You tail-slap Natasha.
Natasha is almost dead.
Natasha closely misses you.
You barely miss Natasha.
Natasha is severely wounded.
Natasha casts a spell.
Your movement speed is average.
Your attack delay is about 1.0.
Your damage rating with unarmed combat is about 2 (Base [3 + 0 (UC)] x 97% (Str) x 100% (Fight)).
You closely miss Natasha.
Natasha is severely wounded.
Natasha closely misses you.
You hit Natasha but do no damage.
Natasha is severely wounded.
Natasha claws you.
The white imp hits you but does no damage.
You hit Natasha.
Natasha is severely wounded.
Natasha closely misses you.
The white imp hits you but does no damage.
You hit Natasha but do no damage.
Natasha is severely wounded.
Natasha claws you!
* * * LOW HITPOINT WARNING * * *
The white imp summons a swarm of flies.
The white imp closely misses you.
Natasha howls an incantation.
Natasha shimmers violently.
Natasha stares at you and mumbles some strange words.
You resist with significant effort.
Okay, then.
Natasha growls.
Natasha stares at you and mumbles some strange words.
The magic dart hits you!
* * * LOW HITPOINT WARNING * * *
The white imp gestures at you. The puff of frost hits you.
You die...

... ..# #.....
..##.. # ##....
#.<..##.# ###....
##...... #....#.
#.....# #....†.
##### ### #.h#
#..#... ##...###.#
#5.# #......
####.....##.## #..#
#.###.#
.............# #@.#
#......
######.####..###..#
#..#... #.#
#.......# #......
#.# #.####.##
####### #.#
#......# #.#
######## #.# ###
#.# ..# #.#


You could see Natasha and a white imp (summoned).

Vanquished Creatures
  2 worms (D:2)
  A ball python (D:1)
  4 bats
  2 endoplasms (D:1)
  A goblin (D:1)
  5 hobgoblins
  A quokka (D:1)
  2 frilled lizards (D:2)
  5 rats (D:1)
23 creatures vanquished.

Notes
Turn   | Place    | Note
-------+----------+-------------------------------------------
     0 | D:1      | NinjaNoafa the Draconian Conjurer began the quest for the
                  | Orb.
     0 | D:1      | Reached XP level 1. HP: 14/14 MP: 3/3
   151 | D:1      | Reached XP level 2. HP: 3/20 MP: 2/5
   188 | D:1      | Learned a level 2 spell: Searing Ray
   374 | D:1      | Found a faded altar of an unknown god.
   690 | D:2      | Upgraded the game from 0.30-a0-879-ga8ba668304 to
                  | 0.30-a0-881-g1ff12e1e11
   804 | D:2      | Found a bloodstained altar of Trog.
   859 | D:2      | Reached XP level 3. HP: 26/26 MP: 2/7
   961 | D:2      | Noticed Natasha
   976 | D:2      | Killed from afar by a white imp

Illustrated notes

Levels and vault maps discovered:
D:1:      evilmike_arrival_plus, layout_rooms, ebering_ecumenical_altar_box,
          minmay_pentomino_o4
D:2:      layout_loops_corners, basic_altar, hangedman_decor_lopped,
          uniq_sigmund, uniq_crazy_yiuf_cottage, uniq_natasha

Skill      XL: |  1  2 |
---------------+-------+-----
Spellcasting   | 3 |  3.3
Dodging        | |  1.7
Stealth        | |  1.7
Conjurations   | |  4.0

Action                     || total
---------------------------++-------
  Melee: Unarmed           ||    46
         Tailslap          ||     5
   Cast: Magic Dart        ||    42
         Searing Ray       ||     6
    Use: Potion            ||     1
 Armour: Skin              ||    25
  Dodge: Dodged            ||    61

Table legend: (Time is in decaauts)
 A = Elapsed time spent in this place.
 B = Non-inter-level travel time spent in this place.
 C = Inter-level travel time spent in this place.
 D = Time resting spent in this place.
 E = Time spent auto-exploring this place.
 F = Levels seen in this place.
 G = Mean time per level.
                   A        B        C        D        E       F      G
               +--------+--------+--------+--------+--------+-----+--------+
         Total |    975 |    941 |     34 |      0 |    478 |   2 |  487.5 |
       Dungeon |    975 |    941 |     34 |      0 |    478 |   2 |  487.5 |
               +--------+--------+--------+--------+--------+-----+--------+

Top non-repeatable levels by time:
     D:1: 497 daAuts
     D:2: 478 daAuts
